 Dungeon Crawl Stone Soup version 0.32-a0-814-g0968bab (webtiles) character file.

Game seed: 1308754263594688429

241 Com123 the Sneak (level 6, 0/36 HPs)
             Began as a Kobold Conjurer on Mar 22, 2024.
             Killed by divine providence
             ... invoked by an orc priest
              (14 damage)
             ... on level 3 of the Dungeon.
             The game lasted 00:12:06 (3413 turns).

Com123 the Sneak (Kobold Conjurer)                  Turns: 3413, Time: 00:12:07

Health: 0/36       AC: 11    Str:  4    XL:     6   Next: 30%
Magic:  0/9        EV: 16    Int: 19    God:
Gold:   92         SH:  0    Dex: 22    Spells: 8/9 levels left

rFire   . . .        j - +1 dagger (protect)
rCold   . . .        (no shield)
rNeg    . . .        a - +0 robe
rPois   .            m - +2 hat {Will+}
rElec   .            (no cloak)
rCorr   .            (no gloves)
SInv    .            (no boots)
Will    +....        (no amulet)
Stlth   ++++         g - +6 ring of dexterity
HPRegen 0.26/turn    (no ring)
MPRegen 0.11/turn

%: no passive effects
@: under a protective aura, very slightly contaminated
A: small, no large weapons, nightstalker 3
a: Convert to Beogh


You were on level 3 of the Dungeon.
You visited 1 branch of the dungeon, and saw 3 of its levels.

You collected 92 gold pieces.

Inventory:

Hand Weapons
 j - a +1 dagger of protection (weapon)
Missiles
 d - 5 boomerangs
 q - a throwing net
Armour
 a - a +0 robe (worn)
 m - a +2 hat of willpower (worn)
Jewellery
 g - a +6 ring of dexterity (left hand)
 k - a ring of fire
Scrolls
 e - a scroll of identify {unknown}
 f - a scroll of blinking {unknown}
 h - a scroll of noise {unknown}
 l - a scroll of torment {unknown}
 o - a scroll of revelation {unknown}
 p - a scroll of acquirement {unknown}
Potions
 b - a potion of magic
 c - 2 potions of curing {unknown}
 i - a potion of enlightenment {unknown}
 n - 2 potions of degeneration {unknown}


   Skills:
 + Level 2.3 Fighting
 + Level 2.5 Short Blades
 + Level 2.3 Throwing
 - Level 0.4 Armour
 + Level 3.7 Dodging
 + Level 4.5 Stealth
 - Level 2.2 Spellcasting
 - Level 4.4 Conjurations


You had 8 spell levels left.
You knew the following spells:

 Your Spells              Type           Power      Damage    Failure   Level
a - Magic Dart            Conj           72%        1d6       2%          1

Your spell library contained the following spells:

 Spells                   Type           Power      Damage    Failure   Level
 Searing Ray              Conj           36%        2d5       4%          2
 Gell's Gravitas          Tloc           2%         N/A       45%         3
 Teleport Other           Tloc           2%         N/A       45%         3
 Fulminant Prism          Conj/Alch      5%         3d7       54%         4
 Iskenderun's Mystic Bla  Conj/Tloc      10%        2d4       54%         4
 Dispersal                Tloc           1%         N/A       100%        6
 Malign Gateway           Summ/Tloc      1%         N/A       100%        7
 Summon Horrible Things   Summ           1%         N/A       100%        8


Dungeon Overview and Level Annotations

Branches:
Dungeon (3/15)

Altars:


Innate Abilities, Weirdness & Mutations

You are small and have problems with some larger weapons.
You are completely attuned to the shadows.


Message History

The magic dart hits the orc priest.
The orc priest is moderately wounded.
The magic dart hits the orc priest.
The orc priest is heavily wounded.
The magic dart hits the orc priest but does no damage.
The orc priest is heavily wounded.
The magic dart hits the orc priest.
The orc priest is severely wounded.
The orc priest hits you but does no damage.
The magic dart hits the orc priest.
The orc priest is severely wounded.
The orc priest barely misses you.
The magic dart hits the orc priest but does no damage.
The orc priest is severely wounded.
The orc priest mumbles some strange prayers to Beogh against you.
Beogh smites you!
The orc priest shouts, "Beogh offers mercy even to people such as you.
Join us and be reborn!" (press Y on the ability menu to convert to Beogh)
You miscast Magic Dart.
You are very lightly contaminated with residual magic.
Nothing appears to happen.
The orc priest hits you with a +0 flail!
You are too injured to fight recklessly!
Casting: Magic Dart (safe; 2% risk of failure)
Confirm with . or Enter, or press ? or * to list all spells.
Aiming: Magic Dart (safe; 2% risk of failure)
Press: ? - help, Shift-Dir - straight line, f/p - orc priest
Aim: an orc priest, wielding a +0 flail and wearing a +0 chain mail (severely wounded, 100% to hit)
The magic dart hits the orc priest but does no damage.
The orc priest is severely wounded.
The orc priest shouts, "Beogh offers mercy even to people such as you.
Join us and be reborn!"
The orc priest mumbles some strange prayers to Beogh against you.
You resist with some effort.
You hit the orc priest but do no damage.
Your weapon exudes an aura of protection.
The orc priest shouts, "The Pantheon deserves no one's loyalty.
Let us show you the true path!"
The orc priest is severely wounded.
The orc priest mumbles some strange prayers to Beogh against you.
Beogh smites you!
You die...

#..#.# #.##.# #.##.#
##.##.# .# #..##.# ..#
#.###.# .#g# ...# #.#
#.# #.. .#.#.#....##
#.# #.# [..
.#.#g#.#...@## #.# #.#
... .#.#.#.#.#..o.###.#
#.#
..#.#.#.#.#.#.#....##.#
#.#
.#.#.#.#.#.#.#.#......#
#.#
#.#.#.#.#.#.#.#.#..#..#
#.##
.#.#.#.#.#.#.#.#......#
#..#
..#.#.#.#.#.#.#....####
##.#
...#.#.#.#.#.#.[..##
#.# ....#.#.#.#.#.....#
#.#


You could see an orc priest.

Vanquished Creatures
  A bombardier beetle (D:3)
  An orc priest (D:3)
  An orc wizard (D:2)
  Robin (D:2)
  3 gnolls (D:3)
  4 adders
  3 dart slugs
  5 orcs
  7 endoplasms
  3 giant cockroaches (D:1)
  5 hobgoblins
  4 jackals (D:2)
  A quokka (D:1)
  3 ball pythons
  5 bats
  2 frilled lizards (D:2)
  14 goblins
  4 kobolds
  A rat (D:3)
68 creatures vanquished.

Notes
Turn   | Place    | Note
-------+----------+-------------------------------------------
     0 | D:1      | Com123 the Kobold Conjurer began the quest for the Orb.
     0 | D:1      | Reached XP level 1. HP: 10/10 MP: 3/3
   246 | D:1      | Reached XP level 2. HP: 15/15 MP: 0/5
  1180 | D:1      | Found a faded altar of an unknown god.
  1185 | D:1      | Reached XP level 3. HP: 20/20 MP: 2/6
  1680 | D:2      | Reached skill level 1 in Fighting
  1728 | D:2      | Reached skill level 1 in Throwing
  1874 | D:2      | Noticed Robin
  1887 | D:1      | Reached XP level 4. HP: 24/25 MP: 4/7
  2341 | D:2      | Killed Robin
  2342 | D:2      | Reached skill level 1 in Short Blades
  2485 | D:2      | Reached XP level 5. HP: 19/29 MP: 0/8
  3026 | D:3      | Reached XP level 6. HP: 30/35 MP: 2/9
  3413 | D:3      | Killed from afar by an orc priest

Illustrated notes

Levels and vault maps discovered:
D:1:      saegor_arrival_simple_a, layout_loops_corners, basic_ecumenical_altar
D:2:      layout_rooms, uniq_robin
D:3:      layout_rooms, nicolae_the_louvre

Skill      XL: |  1  2  3  4  5 |
---------------+----------------+-----
Stealth        | 3 4 |  4.5
Fighting       | 1 2 |  2.3
Throwing       | 1 2 |  2.3
Short Blades   | 1 2 |  2.5
Dodging        | 3 |  3.7
Armour         | |  0.4
Spellcasting   | |  2.2
Conjurations   | |  4.4

Action                     |  1- 3 |  4- 6 || total
---------------------------+-------+-------++-------
  Melee: Unarmed           |     3 |       ||     3
         Dagger            |    14 |    25 ||    39
   Cast: Magic Dart        |    59 |   109 ||   168
   Stab: Sleeping          |     1 |     1 ||     2
 Armour: Robe              |    14 |    44 ||    58
  Dodge: Dodged            |    28 |    67 ||    95

Table legend: (Time is in decaauts)
 A = Elapsed time spent in this place.
 B = Non-inter-level travel time spent in this place.
 C = Inter-level travel time spent in this place.
 D = Time resting spent in this place.
 E = Time spent auto-exploring this place.
 F = Levels seen in this place.
 G = Mean time per level.
                   A        B        C        D        E       F      G
               +--------+--------+--------+--------+--------+-----+--------+
         Total |   3415 |   3153 |    262 |    526 |   2174 |   3 | 1138.3 |
       Dungeon |   3415 |   3153 |    262 |    526 |   2174 |   3 | 1138.3 |
               +--------+--------+--------+--------+--------+-----+--------+

Top non-repeatable levels by time:
     D:1: 1723 daAuts
     D:2: 951 daAuts
     D:3: 739 daAuts
